 Dungeon Crawl Stone Soup version 0.26.0-10-g1f06aea511 (webtiles) character file.

Game seed: 11910813732200908509

102 MajorAdolf the Sneak (level 4, -1/39 HPs)
             Began as a Naga Wanderer on Jan 16, 2021.
             Killed from afar by Grinder (9 damage)
             ... with a puff of flame
             ... on level 3 of the Dungeon.
             The game lasted 00:02:44 (2923 turns).

MajorAdolf the Sneak (Naga Wanderer)                Turns: 2923, Time: 00:02:45

Health: -1/39      AC:  7    Str: 18    XL:     4   Next: 78%
Magic:  7/7        EV:  6    Int: 12    God:
Gold:   91         SH:  3    Dex:  8    Spells: 6/7 levels left

rFire    . . .     SeeInvis +   h - +0 hand axe
rCold    . . .     Faith    .   o - +0 buckler
rNeg     . . .     Spirit   .   d - +2 scale mail
rPois    +         Reflect  .   (no helmet)
rElec    .         Harm     .   (no cloak)
rCorr    .         Rampage  .   (no gloves)
Will     .....                  (no barding)
Stlth    +.........             (no amulet)
HPRegen  0.13/turn              (no ring)
MPRegen  0.10/turn              (no ring)

@: very slow
A: large, see invisible, deformed body, poison resistance, slowness 2, spit
poison 1, AC +1
a: Spit Poison


You were on level 3 of the Dungeon.
You visited 1 branch of the dungeon, and saw 3 of its levels.

You collected 91 gold pieces.

Inventory:

Hand Weapons
 a - a +0 club
 e - a +0 dagger
 h - a +0 hand axe (weapon)
Armour
 d - a +2 scale mail (worn)
 i - a +0 helmet
 o - a +0 buckler (worn)
 p - a cursed +0 plate armour
Scrolls
 f - 8 scrolls of identify {unknown}
 k - a scroll of blinking {unknown}
 m - 3 scrolls of teleportation {unknown}
 n - a scroll of remove curse {unknown}
 q - a scroll of amnesia {unknown}
Potions
 b - a potion of flight {unknown}
 g - 2 potions of haste {unknown}
 j - 3 potions of curing {unknown}
 l - a potion of resistance {unknown}


   Skills:
 + Level 2.0 Fighting
 * Level 2.7 Axes
 + Level 2.8 Armour
 - Level 3.0 Stealth
 + Level 0.6 Shields
 - Level 2.0 Spellcasting
 - Level 2.0 Hexes
 - Level 1.0 Necromancy


You had 6 spell levels left.
You knew the following spells:

 Your Spells              Type           Power        Failure   Level
a - Freeze                Ice            4%           77%         1

Your spell library contained the following spells:

 Spells                   Type           Power        Failure   Level
 Ozocubu's Armour         Ice            1%           98%         3


Dungeon Overview and Level Annotations

Branches:
Dungeon (3/15)

Altars:
Gozag
Trog

Shops:
D:3 *

Annotations:
D:3 Grinder


Innate Abilities, Weirdness & Mutations

You cannot wear boots.
Your serpentine skin is tough. (AC +1)
You have supernaturally acute eyesight. (SInv)
Armour fits poorly on your strangely shaped body.
Your system is resistant to poisons. (rPois)
You cover ground very slowly.
You can spit poison.


Message History

Grinder is severely wounded.
Grinder hits you.
You closely miss Grinder.
Grinder is severely wounded.
Grinder hits you but does no damage.
You hit Grinder.
Grinder is severely wounded.
Grinder hits you but does no damage.
You barely miss Grinder.
Grinder is severely wounded.
You feel less wooden.
Your +2 scale mail unmelds from your body.
Grinder gestures at you. Pain shoots through your body!
You hit Grinder but do no damage.
Grinder is severely wounded.
Grinder zaps a wand.
The puff of flame hits you!
* * * LOW HITPOINT WARNING * * *
Grinder zaps a wand.
The puff of flame hits you!
You die...

## . #...<.)5#
#.....# #...# #5#
#.# #.# ##.##
##.###########...##
...........@5.....#
#.###..#####....##
#........# #.#.#####
#####..#.###.#.#....
.....#.........#
#####.#####.#.###
#.#####.#.#
#.........#
#.#######.##


You could see Grinder.

Vanquished Creatures
  An orc wizard (D:3)
  Natasha (D:3)
  2 adders (D:2)
  An ooze (D:1)
  5 orcs (D:3)
  A bat (D:1)
  A giant cockroach (D:1)
  3 goblins
  4 hobgoblins
  3 jackals (D:2)
  2 frilled lizards
  2 kobolds
  4 rats
30 creatures vanquished.

Notes
Turn   | Place    | Note
-------+----------+-------------------------------------------
     0 | D:1      | MajorAdolf the Naga Wanderer began the quest for the Orb.
     0 | D:1      | MajorAdolf set off with the following items: a +0 club, a
                  | potion of lignification, a +2 scale mail, a +0 dagger; and
                  | the following spell memorised: Freeze; and the following
                  | spells available to memorise: Ozocubu's Armour
     0 | D:1      | Reached XP level 1. HP: 15/15 MP: 3/3
   150 | D:1      | Reached skill level 1 in Fighting
   333 | D:1      | Reached skill level 1 in Axes
   333 | D:1      | Reached XP level 2. HP: 25/25 MP: 5/5
   931 | D:2      | Found a bloodstained altar of Trog.
  1165 | D:2      | Reached XP level 3. HP: 26/31 MP: 6/6
  2203 | D:3      | Found an opulent altar of Gozag.
  2203 | D:3      | Found Gozag's Platinum Reserve.
  2276 | D:3      | HP: 2/48 [orc wizard/magic dart (7)]
  2278 | D:3      | Reached XP level 4. HP: 2/39 MP: 7/7
  2581 | D:3      | Noticed Natasha
  2589 | D:3      | Killed Natasha
  2861 | D:3      | Noticed Grinder
  2884 | D:3      | Paralysed by Grinder for 2 turns
  2888 | D:3      | Paralysed by Grinder for 7 turns
  2898 | D:3      | Paralysed by Grinder for 2 turns
  2911 | D:3      | Paralysed by Grinder for 5 turns
  2923 | D:3      | Killed from afar by Grinder

Illustrated notes

Levels and vault maps discovered:
D:1:      minmay_arrival_stair_chambers, layout_basic
D:2:      layout_basic, general_overflow_altar
D:3:      layout_loops_corners, nicolae_gozag_zags_fifth_avenue, uniq_grinder,
          uniq_natasha

Skill      XL: |  1  2  3  4 |
---------------+-------------+-----
Fighting       | 1 2 |  2.0
Axes           | 1 2 |  2.7
Armour         | |  2.8
Stealth        | |  3.0
Shields        | |  0.6
Spellcasting   | |  2.0
Hexes          | |  2.0
Necromancy     | |  1.0

Action                   |  1- 3 |  4- 6 || total
-------------------------+-------+-------++-------
Melee: Club              |     9 |       ||     9
       Hand axe          |    94 |    35 ||   129
 Abil: Spit Poison       |     5 |     3 ||     8
  Use: Potion            |     1 |     1 ||     2
Armor: Scale mail        |    70 |     4 ||    74
       Skin              |     8 |    21 ||    29
Dodge: Dodged            |    43 |     3 ||    46
Block: Buckler           |     6 |     2 ||     8
